 Dungeon Crawl Stone Soup version 0.21.1-1-g345015fe64 (webtiles) character file.

123 Revguard the Skirmisher (level 4, -2/36 HPs)
             Began as a Demonspawn Abyssal Knight on June 4, 2018.
             Was a Believer of Lugonu.
             Slain by an iguana (7 damage)
             ... on level 4 of the Dungeon.
             The game lasted 00:19:50 (3030 turns).

Revguard the Skirmisher (Demonspawn Abyssal Knight) Turns: 3030, Time: 00:19:50

Health: -2/36      AC: 11    Str: 11 (13) XL:     4   Next: 79%
Magic:  6/6        EV:  2    Int: 12 (14) God:    Lugonu [**....]
Gold:   203        SH:  7    Dex: 12      Spells: 3/3 levels left

rFire    . . .     SeeInvis .   a - +1 hand axe
rCold    . . .     Gourm    .   m - +0 shield
rNeg     . . .     Faith    .   p - +3 chain mail
rPois    .         Spirit   .   (helmet restricted)
rElec    .         Reflect  .   (no cloak)
rCorr    .         Harm     .   (no gloves)
MR       .....                  (no boots)
Stlth    ..........             e - amulet of rage
HPRegen  0.12/turn              (no ring)
MPRegen  0.10/turn              (no ring)

@: no status effects
A: antennae 2
a: Depart the Abyss, Bend Space, Renounce Religion, Evoke Berserk Rage


You were on level 4 of the Dungeon.
You worshipped Lugonu.
Lugonu was pleased with you.
You were not hungry.

You visited 1 branch of the dungeon, and saw 4 of its levels.
You visited the Abyss 1 time.

You collected 203 gold pieces.

Inventory:

Hand Weapons
 a - a +1 hand axe (weapon)
 h - a +1 mace of crushing
Armour
 m - a +0 shield (worn)
 p - a +3 chain mail (worn)
Jewellery
 e - an amulet of rage (around neck)
Wands
 d - a wand of acid (8)
Scrolls
 f - a scroll of teleportation
 g - a scroll of blinking
 k - 3 scrolls of amnesia
Potions
 b - a potion of invisibility {unknown}
 i - a potion of resistance
 j - a potion of cancellation
 l - 4 potions of curing
 n - a potion of haste
 o - a potion of ambrosia
Comestibles
 c - 7 rations


   Skills:
 + Level 3.6 Fighting
 + Level 3.2 Axes
 + Level 2.2 Armour
 - Level 1.2 Dodging
 * Level 1.1 Shields
 - Level 3.1 Invocations


You had 3 spell levels left.
You didn't know any spells.

Dungeon Overview and Level Annotations

Branches:
Dungeon (4/15)
 Temple: D:4-7

Altars:
Ashenzari
Elyvilon
Kikubaaqudgha
Makhleb
Nemelex Xobeh
Qazlal
Sif Muna
Trog
Uskayaw
Vehumet
Yredelemnul

Shops:
D:4 [


Innate Abilities, Weirdness & Mutations

You have a pair of antennae on your head.


Message History

The iguana hisses angrily.
The iguana bites you.
You slash the iguana!
The iguana is heavily wounded.
The iguana bites you but does no damage.
You block the iguana's attack.
You hit the iguana but do no damage.
The iguana is heavily wounded.
You block the iguana's attack.
You hit the iguana.
The iguana is severely wounded.
You block the iguana's attack.
You hit the iguana but do no damage.
The iguana is severely wounded.
The iguana bites you!
* * * LOW HITPOINT WARNING * * *
You hit the iguana.
The iguana is severely wounded.
The iguana bites you!
You die...

................#
####.......#....#
#.............# #
#....<....#####
.##>........# #####
..#.......#.# ##...##
.........).<###.....##
........8.8.8#.......#
..##.....††⌠....@l...#
#.......8.∩.8...$....#
.........⌠.⌠.#.....$##
........8.8.8........#
.............#....)..#
.....................#
#...................##
..............##...##
..##....###...# ...


You could see an iguana.

Vanquished Creatures
  3 adders
  2 oozes (D:3)
  2 dart slugs
  3 worms
  A leopard gecko (D:2)
  3 orcs (D:3)
  3 giant cockroaches
  7 goblins
  9 hobgoblins
  4 jackals (D:4)
  4 kobolds
  2 quokkas (D:3)
  4 ball pythons
  11 bats
  5 frilled lizards
  7 rats
70 creatures vanquished.

Vanquished Creatures (others)
  A hobgoblin (D:2)
1 creature vanquished.

Grand Total: 71 creatures vanquished

Notes
Turn   | Place    | Note
-------+----------+-------------------------------------------
     0 | Abyss:1  | Revguard the Demonspawn Abyssal Knight began the quest for the Orb.
     0 | Abyss:1  | Reached XP level 1. HP: 18/18 MP: 2/2
   338 | Abyss:1  | Noticed a wretched star
   340 | D:1      | Escaped the Abyss
   374 | D:1      | Found a sparkling altar of Nemelex Xobeh.
   521 | D:1      | Reached * piety under Lugonu
   757 | D:1      | Gained mutation: You have a pair of small antennae on your head. [demonic ancestry]
   757 | D:1      | Reached XP level 2. HP: 21/24 MP: 3/3
   868 | D:1      | Reached skill level 1 in Dodging
  1141 | D:2      | Reached XP level 3. HP: 27/29 MP: 5/5
  1350 | D:2      | Reached ** piety under Lugonu
  1391 | D:2      | Found a stormy altar of Qazlal.
  1491 | D:2      | Found a shattered altar of Ashenzari.
  1496 | D:2      | Found a bloodstained altar of Trog.
  1497 | D:2      | Found an ancient bone altar of Kikubaaqudgha.
  1498 | D:2      | Found a hide-covered altar of Uskayaw.
  1499 | D:2      | Found a basalt altar of Yredelemnul.
  1500 | D:2      | Found a white marble altar of Elyvilon.
  1690 | D:2      | Found a deep blue altar of Sif Muna.
  1857 | D:3      | Found a burning altar of Makhleb.
  1948 | D:3      | Gained mutation: You have a pair of antennae on your head. [demonic ancestry]
  1948 | D:3      | Reached XP level 4. HP: 34/35 MP: 6/6
  2129 | D:3      | Found a radiant altar of Vehumet.
  2594 | D:3      | Reached skill level 1 in Shields
  2925 | D:4      | Found Xuelon's Armour Shoppe.
  3030 | D:4      | Slain by an iguana

Skill      XL: |  1  2  3  4 |
---------------+-------------+-----
Axes           | 2 3 |  3.2
Dodging        | 1 |  1.2
Armour         | 2 |  2.2
Invocations    | 3 |  3.1
Shields        | 1 |  1.1
Fighting       | |  3.6

Action                   |  1- 3 |  4- 6 || total
-------------------------+-------+-------++-------
Melee: Hand axe          |   172 |   112 ||   284
Invok: Depart the Abyss  |     1 |       ||     1
  Use: Potion            |     7 |     1 ||     8
       Scroll            |     4 |     2 ||     6
  Eat: Ration            |     1 |     2 ||     3
Armor: Ring mail         |   101 |    19 ||   120
       Chain mail        |       |    59 ||    59
Dodge: Dodged            |   105 |    20 ||   125
Block: Shield            |    28 |    39 ||    67
